 Dungeon Crawl Stone Soup version 0.30-a0-1114-gd936c97349 (console) character file.

Game seed: 13523790779770294297

492 jejorda2 the Poker (level 7, 0/56 HPs)
             Began as a Merfolk Berserker on Apr 20, 2023.
             Was a Believer of Trog.
             Succumbed to an orc's poison
             ... on level 4 of the Dungeon.
             The game lasted 00:03:54 (2564 turns).

jejorda2 the Poker (Merfolk Berserker)              Turns: 2564, Time: 00:03:54

Health: 0/56       AC: 10    Str: 19    XL:     7   Next: 14%
Magic:  7/7        EV:  8    Int:  6    God:    Trog [**....]
Gold:   111        SH:  0    Dex: 14    Spells: 6/6 levels left

rFire   . . .      SeeInvis .    a - +0 trident
rCold   . . .      Faith    .    (no shield)
rNeg    . . .      Spirit   .    j - +0 chain mail
rPois   .          Reflect  .    (no helmet)
rElec   .          Rampage  .    (no cloak)
rCorr   .                        (no gloves)
Will    .....                    f - +0 pair of boots Stlth
                                 (no amulet)
HPRegen 0.29/turn                (no ring)
MPRegen 0.10/turn                (no ring)

@: lethally poisoned (0 -> -1), on berserk cooldown
A: (nimble swimmer 2), mertail
a: Renounce Religion, Berserk, Trog's Hand


You were on level 4 of the Dungeon.
You worshipped Trog.
Trog was pleased with you.
You visited 1 branch of the dungeon, and saw 4 of its levels.

You collected 111 gold pieces.

Inventory:

Hand Weapons
 a - a +0 trident (weapon)
Missiles
 d - 4 poisoned darts
 k - 17 stones (quivered)
 v - 3 atropa-tipped darts
Armour
 f - a +0 pair of boots (worn)
 j - a +0 chain mail (worn)
Scrolls
 g - 3 scrolls of teleportation {unknown}
 h - a scroll of enchant weapon {unknown}
 i - a scroll of magic mapping {unknown}
 l - 2 scrolls of blinking {unknown}
 m - a scroll of vulnerability {unknown}
 o - 4 scrolls of identify {unknown}
 r - a scroll of amnesia {unknown}
 t - a scroll of noise {unknown}
Potions
 b - a potion of flight {unknown}
 c - 2 potions of curing {unknown}
 e - a potion of mutation {unknown}
 n - a potion of heal wounds {unknown}
 p - a potion of brilliance {unknown}
 q - 2 potions of cancellation {unknown}
 s - a potion of magic {unknown}
 u - a potion of degeneration {unknown}


   Skills:
 + Level 5.1 Fighting
 * Level 7.8 Polearms
 + Level 3.0 Armour
 - Level 2.6 Dodging


You had 6 spell levels left.
You didn't know any spells.
Your spell library was empty.

Dungeon Overview and Level Annotations

Branches:
Dungeon (4/15)
 Temple: D:4-7

Altars:


Innate Abilities, Weirdness & Mutations

((You are very nimble when in or above water. (Stealth+, EV+, Speed+++)))
Your lower body shifts to a powerful aquatic tail in water.


Message History

You barely miss the orc.
The orc is almost dead.
You feel extremely sick.
The orc hits you with a +0 hand axe of venom.
You completely miss the orc. You punch the orc.
You kill the orc!
Trog accepts your kill.
You feel extremely sick.
You feel very sick.
Items here: ) †.
You are too injured to fight recklessly!
You are too injured to fight recklessly!
Throw: 19 stones
Press: ? - help, Q - select action, (/) - cycle Shift-Dir - straight line, f - orc
Aim: an orc, wielding a +0 mace of protection and wearing a +0 chain mail (68% to hit)
You throw a stone.
The stone hits the orc but does no damage.
You feel very sick.
Throw: 18 stones
Press: ? - help, Q - select action, (/) - cycle Shift-Dir - straight line, f/p - orc
Aim: an orc, wielding a +0 mace of protection and wearing a +0 chain mail (68% to hit)
You throw a stone.
The stone hits the orc but does no damage.
You feel very sick.
Reach: a) +0 trident
Press: ? - help, Dir - move target, f/p - orc
Aim: an orc, wielding a +0 mace of protection and wearing a +0 chain mail (about 30% to evade your +0 trident)
You reach to attack!
You hit the orc but do no damage.
You feel sick.
You hit the orc.
The orc is heavily wounded.
You feel sick. The orc hits you but does no damage. The orc barely misses you.
You hit the orc.
The orc is severely wounded.
You feel sick.
The orc hits you with a +0 mace of protection.
* * * LOW HITPOINT WARNING * * *
You hit the orc but do no damage.
The orc is severely wounded.
You feel yourself speed up.
You die...

... #.# #.#
.######## #.#
........# #.#
........# #)#
........#### #.#
o......@...####)###
#...........o@..#
#...............#
..................#
###.######........#
# ######†### #.#
#.# #.# #<#


You could see an orc.

Vanquished Creatures
  Grinder (D:3)
  Eustachio (D:4)
  An orc priest (D:3)
  5 adders
  An ufetubus (D:3)
  A worm (D:3)
  4 dart slugs
  7 orcs
  5 bats
  2 endoplasms
  4 giant cockroaches
  5 goblins
  3 hobgoblins
  2 quokkas
  3 ball pythons
  3 frilled lizards
  3 kobolds
  4 rats
55 creatures vanquished.

Notes
Turn   | Place    | Note
-------+----------+-------------------------------------------
     0 | D:1      | jejorda2 the Merfolk Berserker began the quest for the Orb.
     0 | D:1      | Reached XP level 1. HP: 18/18 MP: 1/1
   424 | D:1      | Found a faded altar of an unknown god.
   430 | D:1      | Reached XP level 2. HP: 24/24 MP: 2/2
   845 | D:2      | Reached ** piety under Trog
   847 | D:2      | Reached XP level 3. HP: 27/29 MP: 3/3
   985 | D:2      | Reached skill level 5 in Polearms
  1688 | D:3      | Reached XP level 4. HP: 37/37 MP: 4/4
  1881 | D:3      | Noticed Grinder
  1898 | D:3      | Killed Grinder
  1899 | D:3      | Reached skill level 7 in Polearms
  1899 | D:3      | Reached XP level 5. HP: 33/43 MP: 5/5
  1899 | D:3      | Reached XP level 6. HP: 38/49 MP: 6/6
  2518 | D:4      | Noticed Eustachio
  2542 | D:4      | Killed Eustachio
  2543 | D:4      | Reached skill level 5 in Fighting
  2543 | D:4      | Reached XP level 7. HP: 56/56 MP: 7/7
  2563 | D:4      | HP: 1/56 [orc/+0 mace of protection (6)]
  2564 | D:4      | Succumbed to an orc's poison

Illustrated notes

Levels and vault maps discovered:
D:1:      tarquinn_simple_flora_water_c, layout_basic,
          hellmonk_ecumenical_altar_heavens_door
D:2:      layout_basic
D:3:      layout_loops_ring, uniq_grinder
D:4:      layout_basic, uniq_natasha, uniq_eustachio, uniq_crazy_yiuf_cottage

Skill      XL: |  1  2  3  4  5  6 |
---------------+-------------------+-----
Polearms       | 5 7 |  7.8
Fighting       | 4 5 |  5.1
Armour         | 2 3 |  3.0
Dodging        | |  2.6

Action                     |  1- 3 |  4- 6 |  7- 9 || total
---------------------------+-------+-------+-------++-------
  Melee: Spear             |   113 |     4 |       ||   117
         Punch             |     2 |       |     1 ||     3
         Trident           |       |    71 |    10 ||    81
  Throw: Stone             |       |     3 |     2 ||     5
 Invoke: Berserk           |     1 |     2 |       ||     3
         Trog's Hand       |       |     1 |       ||     1
 Armour: Ring mail         |     4 |       |       ||     4
         Animal skin       |     1 |       |       ||     1
         Chain mail        |    24 |    26 |     4 ||    54
  Dodge: Dodged            |    38 |    16 |     1 ||    55

Table legend: (Time is in decaauts)
 A = Elapsed time spent in this place.
 B = Non-inter-level travel time spent in this place.
 C = Inter-level travel time spent in this place.
 D = Time resting spent in this place.
 E = Time spent auto-exploring this place.
 F = Levels seen in this place.
 G = Mean time per level.
                   A        B        C        D        E       F      G
               +--------+--------+--------+--------+--------+-----+--------+
         Total |   2562 |   2444 |    118 |    145 |   1891 |   4 |  640.5 |
       Dungeon |   2562 |   2444 |    118 |    145 |   1891 |   4 |  640.5 |
               +--------+--------+--------+--------+--------+-----+--------+

Top non-repeatable levels by time:
     D:3: 902 daAuts
     D:2: 822 daAuts
     D:1: 767 daAuts
     D:4: 70 daAuts
